Workbook

Sheet Tabel Lampiran 1
B1: Tabel Lampiran 1
B2: TABEL PENJUALAN
B3: SEKTOR EKONOMI | D3: : | H3: Perdagangan
B4: JENIS USAHA | D4: : | H4: Usaha Pedagang Ayam Potong Hidup
B5: SKALA USAHA | D5: : | H5: 1.500 ayam potong hidup/bulan
B7: Rata-rata penjualan/Siklus Produksi (1 bulan) | M7: Nilai Penjualan (Rp)
B8: No | C8: Nama Barang Yang Dijual | H8: Jumlah yg dijual | I8: Satuan | K8: Harga/Satuan | M8: Per Siklus | P8: Jlh musim/thn | Q8: Per Bulan | R8: Per tahun
B10: 1. | C10: Ayam potong hidup | H10: 1500 | I10: ekor | K10: 53000 | M10: - | P10: - | Q10: =+H10*K10 -> 79500000 | R10: =12*Q10 -> 954000000
B12: Jumlah | R12: =+R10 -> 954000000

Sheet Tabel Lampiran 2 
B1: Tabel Lampiran 2
B2: TABEL PROSES PRODUKSI
B3: SEKTOR EKONOMI | D3: : | G3: Perdagangan
B4: JENIS USAHA | D4: : | G4: Usaha Pedagang Ayam Potong Hidup
B5: SKALA USAHA | D5: : | G5: 1.500 ayam potong hidup/bulan
B7: No | C7: Proses (Tahapan) Produksi | G7: Lamanya | H7: Satuan
B8: 1. | C8: Penimbangan ayam hidup | G8: 3 | H8: HOK
B9: 2. | C9: Pemberian pakan | G9: 10 | H9: HOK
B10: 3. | C10: Pemberian obat-obatan | G10: 3 | H10: HOK
C11: Jumlah | G11: =SUM(G8:G10) -> 16 | H11: HOK
B12: Ket : HOK = Hari Orang Kerja

Sheet Tabel Lampiran 3
B2: Tabel Lampiran 3
B3: ASUMSI KEUANGAN
B4: SEKTOR EKONOMI | E4: : | F4: Perdagangan
B5: JENIS USAHA | E5: : | F5: Usaha Pedagang Ayam Potong Hidup
B6: SKALA USAHA | E6: : | F6: 1.500 ayam potong hidup/bulan
B8: ASUMSI KEUANGAN
B9: NO | C9: URAIAN | F9: NILAI | G9: SATUAN
B10: 1. | C10: Umur proyek | F10: 5 | G10: Tahun
B11: 2. | C11: Bulan kerja efektif per tahun | F11: 12 | G11: Bulan
B12: 3. | C12: Hari kerja per bulan | F12: 30 | G12: Hari
B13: 4. | C13: Satu siklus produksi | F13: 1 | G13: Bulan
B14: 5. | C14: Jumlah siklus produksi per tahun | F14: 12 | G14: Kali
B15: 6. | C15: Produksi per siklus :
C16: No | D16: Nama Barang | F16: Jumlah | G16: Satuan
C17: 1. | D17: Ayam potong hidup | F17: =+'Tabel Lampiran 1'!H10 -> 1500 | G17: Kg
B18: 7. | C18: Harga produk yang dijual
C19: No | D19: Nama Barang | F19: Harga/Satuan | G19: Satuan
C20: 1. | D20: Ayam potong hidup | F20: =+'Tabel Lampiran 1'!K10 -> 53000 | G20: Rp/ekor
B21: 8. | C21: Kapasitas produksi
C22: a. | D22: Tahun 1 | F22: 100 | G22: Persen
C23: b. | D23: Tahun 2 | F23: 100 | G23: Persen
C24: c. | D24: Tahun 3 sd 5 | F24: 100 | G24: Persen
B25: 9. | C25: Bunga kredit | F25: 10 | G25: Persen/Thn
B26: 10. | C26: Duscout Factor (suku bunga) | F26: 10 | G26: Persen/Thn
B27: 11. | C27: Proporsi sumber dana modal kerja
C28: a. | D28: Kredit | F28: 70 | G28: Persen
C29: b. | D29: Modal Sendiri | F29: 30 | G29: Persen
B30: 12. | C30: Proporsi sumber dana Investasi
C31: a. | D31: Kredit | F31: 70 | G31: Persen
C32: b. | D32: Modal Sendiri | F32: 30 | G32: Persen
B33: 13. | C33: Jangka waktu kredit modal kerja | F33: 5 | G33: Tahun
B34: 14. | C34: Jangka waktu kredit investasi | F34: 5 | G34: Tahun

Sheet Tabel Lampiran 4
B2: Tabel Lampiran 4
B3: BIAYA INVESTASI
B4: SEKTOR EKONOMI | D4: : | E4: Perdagangan
B5: JENIS USAHA | D5: : | E5: Usaha Pedagang Ayam Potong Hidup
B6: SKALA USAHA | D6: : | E6: 1.500 ayam potong hidup/bulan
B8: NO | C8: URAIAN | E8: VOLUME | F8: SATUAN | G8: HARGA | H8: NILAI | I8: UMUR | J8: PENYUSUTAN
G9: SATUAN | H9: (RP) | I9: (THN) | J9: PER TAHUN (RP)
B10: 1. | C10: Kios | E10: 60 | F10: m2 | G10: 3500000 | H10: =+E10*G10 -> 210000000 | I10: - | J10: -
B11: 2. | C11: Bangunan :
C12: - Kandang penyimpanan ayam | E12: 30 | F12: m2 | G12: 500000 | H12: =+E12*G12 -> 15000000 | I12: 10 | J12: =+H12/I12 -> 1500000
C13: Total 2 | H13: =SUM(H12:H12) -> 15000000 | J13: =SUM(J12:J12) -> 1500000
B14: 4. | C14: Peralatan :
C15: - Timbangan | E15: 2 | F15: Unit | G15: 250000 | H15: =+E15*G15 -> 500000 | I15: 5 | J15: =+H15/I15 -> 100000
C16: Total 4 | H16: =SUM(H15:H15) -> 500000 | J16: =SUM(J15:J15) -> 100000
C17: Jumlah | H17: =+H10+H13+H16 -> 225500000 | J17: =+J13+J16 -> 1600000

Sheet Tabel Lampiran 5
B2: Tabel Lampiran 5
B3: BIAYA OPERASIONAL
B4: SEKTOR EKONOMI | E4: : | F4: Perdagangan
B5: JENIS USAHA | E5: : | F5: Usaha Pedagang Ayam Potong Hidup
B6: SKALA USAHA | E6: : | F6: 1.500 ayam potong hidup/bulan
B8: NO | D8: URAIAN | F8: VOLUME | G8: SATUAN | H8: HARGA | I8: NILAI RP | J8: NILAI RP
H9: SATUAN | I9: PER BULAN | J9: PER TAHUN
B10: a. | C10: Bahan-bahan :
C11: - | D11: Ayam potong hidup | F11: =+'Tabel Lampiran 1'!H10 -> 1500 | G11: Kg | H11: 45000 | I11: =+F11*H11 -> 67500000 | J11: =12*I11 -> 810000000
D12: Jumlah biaya bahan | I12: =SUM(I11:I11) -> 67500000 | J12: =SUM(J11:J11) -> 810000000
B13: b. | C13: Tenaga Kerja | F13: =+'Tabel Lampiran 2 '!G11 -> 16 | G13: HOK | H13: 100000 | I13: =+F13*H13 -> 1600000 | J13: =4*I13 -> 6400000
B14: c. | C14: Biaya Overhead
C15: - | D15: Transportasi | F15: 1 | G15: Rp/bulan | H15: 1500000 | I15: =+F15*H15 -> 1500000 | J15: =12*I15 -> 18000000
C16: - | D16: Pemasaran | F16: 1 | G16: Paket | H16: 100000 | I16: =+F16*H16 -> 100000 | J16: =12*I16 -> 1200000
C17: - | D17: Lainnya | F17: 1 | G17: Paket | H17: 100000 | I17: =+F17*H17 -> 100000 | J17: =12*I17 -> 1200000
C18: Total Biaya Overhead | I18: =SUM(I15:I17) -> 1700000 | J18: =SUM(J15:J17) -> 20400000
D19: Total Biaya | I19: =+I18+I13+I12 -> 70800000 | J19: =+J18+J13+J12 -> 836800000

Sheet Tabel Lampiran 6
B2: Tabel Lampiran 6
B3: SUMBER DANA
B4: SEKTOR EKONOMI | E4: : | F4: Perdagangan
B5: JENIS USAHA | E5: : | F5: Usaha Pedagang Ayam Potong Hidup
B6: SKALA USAHA | E6: : | F6: 1.500 ayam potong hidup/bulan
B8: NO. | C8: URAIAN | F8: VOLUME | G8: SATUAN | H8: MODAL (RP) | I8: KEB. MODAL (RP)
B9: 1. | C9: Modal Kerja
C10: a. | D10: Biaya bahan | F10: 1 | G10: Bulan | H10: =+'Tabel Lampiran 5'!I12 -> 67500000 | I10: =+H10 -> 67500000
C11: b. | D11: Biaya tenaga kerja | F11: 1 | G11: Bulan | H11: =+'Tabel Lampiran 5'!I13 -> 1600000 | I11: =+H11 -> 1600000
C12: c. | D12: Biaya overhead | F12: 1 | G12: Bulan | H12: =+'Tabel Lampiran 5'!I18 -> 1700000 | I12: =+H12 -> 1700000
C13: Sub Total Modal Kerja | H13: =SUM(H10:H12) -> 70800000 | I13: =SUM(I10:I12) -> 70800000
B14: 2. | C14: Investasi
C15: a. | D15: Investasi | F15: 1 | G15: Paket | H15: =+'Tabel Lampiran 4'!H17 -> 225500000 | I15: =+H15 -> 225500000
C16: Sub Total Biaya Investasi | I16: =+I15 -> 225500000
C17: Total Modal | I17: =+I16+I13 -> 296300000
C18: Sumber Dana :
B19: 1. | C19: Modal Kerja
C20: a. | D20: Kredit | F20: =+'Tabel Lampiran 3'!F28 -> 70 | G20: % | H20: =+I13 -> 70800000 | I20: =+F20/100*H20 -> 49560000
C21: b. | D21: Dana Sendiri | F21: =+'Tabel Lampiran 3'!F29 -> 30 | G21: % | H21: =+I13 -> 70800000 | I21: =+F21/100*H21 -> 21240000
C22: Jumlah Modal Kerja | I22: =SUM(I20:I21) -> 70800000
B23: 2. | C23: Investasi
C24: a. | D24: Kredit | F24: =+'Tabel Lampiran 3'!F31 -> 70 | G24: % | H24: =+H15 -> 225500000 | I24: =+F24/100*H24 -> 157850000
C25: b. | D25: Dana Sendiri | F25: =+'Tabel Lampiran 3'!F32 -> 30 | G25: % | H25: =+H15 -> 225500000 | I25: =+F25/100*H25 -> 67650000
C26: Jumlah Investasi | I26: =SUM(I24:I25) -> 225500000

Sheet Tabel Lampiran 7
B2: Tabel Lampiran 7
B3: PERKIRAAN RUGI/LABA
B4: SEKTOR EKONOMI | E4: : | F4: Perdagangan
B5: JENIS USAHA | E5: : | F5: Usaha Pedagang Ayam Potong Hidup
B6: SKALA USAHA | E6: : | F6: 1.500 ayam potong hidup/bulan
B8: JADWAL ANGSURAN KREDIT :
B9: NO. | C9: URAIAN | F9: TAHUN I | G9: TAHUN II | H9: TAHUN III | I9: TAHUN IV | J9: TAHUN V
B10: 1. | C10: Saldo Kredit Modal Kerja | F10: =+'Tabel Lampiran 6'!I20 -> 49560000 | G10: =+F10-G11 -> 39648000 | H10: =+G10-H11 -> 29736000 | I10: =+H10-I11 -> 19824000 | J10: =+I10-J11 -> 9912000
C11: a. | D11: Angsuran pokok | F11: =+F10/'Tabel Lampiran 3'!F33 -> 9912000 | G11: =+F11 -> 9912000 | H11: =+G11 -> 9912000 | I11: =+H11 -> 9912000 | J11: =+I11 -> 9912000
C12: b. | D12: Angsuran bunga | F12: =+'Tabel Lampiran 3'!F25/100*'Tabel Lampiran 7'!F10 -> 4956000 | G12: =+'Tabel Lampiran 3'!F25/100*'Tabel Lampiran 7'!G10 -> 3964800 | H12: =+'Tabel Lampiran 3'!F25/100*'Tabel Lampiran 7'!H10 -> 2973600 | I12: =+'Tabel Lampiran 3'!F26/100*'Tabel Lampiran 7'!I10 -> 1982400 | J12: =+'Tabel Lampiran 3'!F25/100*'Tabel Lampiran 7'!J10 -> 991200 | L12: 10
B13: 2. | C13: Saldo Kredit Investasi | F13: =+'Tabel Lampiran 6'!I24 -> 157850000 | G13: =+F13-F14 -> 126280000 | H13: =+G13-G14 -> 94710000 | I13: =+H13-H14 -> 63140000 | J13: =+I13-I14 -> 31570000
C14: a. | D14: Angsuran pokok | F14: =+F13/'Tabel Lampiran 3'!F34 -> 31570000 | G14: =+F14 -> 31570000 | H14: =+G14 -> 31570000 | I14: =+H14 -> 31570000 | J14: =+I14 -> 31570000
C15: b. | D15: Angsuran bunga | F15: =+'Tabel Lampiran 3'!F25/100*'Tabel Lampiran 7'!F13 -> 15785000 | G15: =+'Tabel Lampiran 3'!F25/100*'Tabel Lampiran 7'!G13 -> 12628000 | H15: =+'Tabel Lampiran 3'!F25/100*'Tabel Lampiran 7'!H13 -> 9471000 | I15: =+'Tabel Lampiran 3'!F25/100*'Tabel Lampiran 7'!I13 -> 6314000 | J15: =+'Tabel Lampiran 3'!F25/100*'Tabel Lampiran 7'!J13 -> 3157000
B16: 3 | C16: Total angsuran :
C17: a. | D17: Pokok | F17: =+F11+F14 -> 41482000 | G17: =+G11+G14 -> 41482000 | H17: =+H11+H14 -> 41482000 | I17: =+I11+I14 -> 41482000 | J17: =+J11+J14 -> 41482000
C18: b. | D18: Bunga | F18: =+F12+F15 -> 20741000 | G18: =+G12+G15 -> 16592800 | H18: =+H12+H15 -> 12444600 | I18: =+I12+I15 -> 8296400 | J18: =+J12+J15 -> 4148200
B20: PERKIRAAN RUGI/LABA
B21: NO. | C21: URAIAN | F21: TAHUN I | G21: TAHUN II | H21: TAHUN III | I21: TAHUN IV | J21: TAHUN V
B22: 1. | C22: Penerimaan
C23: Total penerimaan | F23: =+'Tabel Lampiran 1'!R12 -> 954000000 | G23: =+F23 -> 954000000 | H23: =+G23 -> 954000000 | I23: =+H23 -> 954000000 | J23: =+I23 -> 954000000
B24: 2. | C24: Pengeluaran
C25: a | D25: Biaya Bahan | F25: =+'Tabel Lampiran 5'!J12 -> 810000000 | G25: =+F25 -> 810000000 | H25: =+G25 -> 810000000 | I25: =+H25 -> 810000000 | J25: =+I25 -> 810000000
C26: b. | D26: Biaya Tenaga Kerja | F26: =+'Tabel Lampiran 5'!J13 -> 6400000 | G26: =+F26 -> 6400000 | H26: =+G26 -> 6400000 | I26: =+H26 -> 6400000 | J26: =+I26 -> 6400000
C27: c. | D27: Biaya Overhead | F27: =+'Tabel Lampiran 5'!J18 -> 20400000 | G27: =+F27 -> 20400000 | H27: =+G27 -> 20400000 | I27: =+H27 -> 20400000 | J27: =+I27 -> 20400000
C28: d. | D28: Penyusutan | F28: =+'Tabel Lampiran 4'!J17 -> 1600000 | G28: =+F28 -> 1600000 | H28: =+G28 -> 1600000 | I28: =+H28 -> 1600000 | J28: =+I28 -> 1600000
C29: e. | D29: Angsuran Bunga | F29: =+F18 -> 20741000 | G29: =+G18 -> 16592800 | H29: =+H18 -> 12444600 | I29: =+I18 -> 8296400 | J29: =+J18 -> 4148200
C30: Total Pengeluaran | F30: =SUM(F25:F29) -> 859141000 | G30: =SUM(G25:G29) -> 854992800 | H30: =SUM(H25:H29) -> 850844600 | I30: =SUM(I25:I29) -> 846696400 | J30: =SUM(J25:J29) -> 842548200
B31: 3. | C31: Laba Kotor | F31: =+F23-F30 -> 94859000 | G31: =+G23-G30 -> 99007200 | H31: =+H23-H30 -> 103155400 | I31: =+I23-I30 -> 107303600 | J31: =+J23-J30 -> 111451800
B32: 4. | C32: Pajak (0,5% dari omset) | F32: =0.5/100*F23 -> 4770000 | G32: =0.5/100*G23 -> 4770000 | H32: =0.5/100*H23 -> 4770000 | I32: =0.5/100*I23 -> 4770000 | J32: =0.5/100*J23 -> 4770000
B33: 5. | C33: Laba Bersih | F33: =+F31-F32 -> 90089000 | G33: =+G31-G32 -> 94237200 | H33: =+H31-H32 -> 98385400 | I33: =+I31-I32 -> 102533600 | J33: =+J31-J32 -> 106681800
B34: 6. | C34: Profit Marjin (%) | F34: =+F33/F23*100 -> 9.4432914 | G34: =+G33/G23*100 -> 9.8781132 | H34: =+H33/H23*100 -> 10.312935 | I34: =+I33/I23*100 -> 10.747757 | J34: =+J33/J23*100 -> 11.182579
C35: Rata-rata laba bersih per tahun | F35: =SUM(F33:J33)/5 -> 98385400
C36: Rata-rata profit marjin/thn (%) | F36: =SUM(F34:J34)/5 -> 10.312935

Sheet Tabel Lampiran 8
B2: Tabel Lampiran 8
B3: PERKIRAAN ARUS KAS
B4: SEKTOR EKONOMI | F4: : | G4: Perdagangan
B5: JENIS USAHA | F5: : | G5: Usaha Pedagang Ayam Potong Hidup
B6: SKALA USAHA | F6: : | G6: 1.500 ayam potong hidup/bulan
B8: PERKIRAAN ARUS KAS
B9: NO. | C9: URAIAN | G9: TAHUN 0 | H9: TAHUN I | I9: TAHUN II | J9: TAHUN III | K9: TAHUN IV | L9: TAHUN V
B10: 1. | C10: Arus Masuk :
C11: a. | D11: Penerimaan penjualan | G11: 0 | H11: =+'Tabel Lampiran 7'!F23 -> 954000000 | I11: =+'Tabel Lampiran 7'!G23 -> 954000000 | J11: =+'Tabel Lampiran 7'!H23 -> 954000000 | K11: =+'Tabel Lampiran 7'!I23 -> 954000000 | L11: =+'Tabel Lampiran 7'!J23 -> 954000000
C12: b. | D12: Kredit :
D13: 1. | E13: Investasi | G13: =+'Tabel Lampiran 7'!F13 -> 157850000 | H13: 0 | I13: 0 | J13: 0 | K13: 0 | L13: 0
D14: 2. | E14: Modal Kerja | G14: =+'Tabel Lampiran 7'!F10 -> 49560000 | H14: 0 | I14: 0 | J14: 0 | K14: 0 | L14: 0
C15: c. | D15: Modal Sendiri :
D16: 1. | E16: Investasi | G16: =+'Tabel Lampiran 6'!I21 -> 21240000 | H16: 0 | I16: 0 | J16: 0 | K16: 0 | L16: 0
D17: 2. | E17: Modal Kerja | G17: =+'Tabel Lampiran 6'!I21 -> 21240000 | H17: 0 | I17: 0 | J17: 0 | K17: 0 | L17: 0
C18: d. | D18: Nilai Sisa | G18: 0 | H18: 0 | I18: 0 | J18: 0 | K18: 0 | L18: 0
C19: Total Arus Masuk | G19: =SUM(G11:G18) -> 249890000 | H19: =SUM(H11:H18) -> 954000000 | I19: =SUM(I11:I18) -> 954000000 | J19: =SUM(J11:J18) -> 954000000 | K19: =SUM(K11:K18) -> 954000000 | L19: =SUM(L11:L18) -> 954000000
C20: Arus Masuk Untuk Menghitung IRR | G20: 0 | H20: =+H19 -> 954000000 | I20: =+I19 -> 954000000 | J20: =+J19 -> 954000000 | K20: =+K19 -> 954000000 | L20: =+L19 -> 954000000
B21: 2. | C21: Arus Keluar
C22: a | D22: Investasi | G22: =+'Tabel Lampiran 4'!H17 -> 225500000
C23: b. | D23: Biaya Variabel | G23: 0 | H23: =+'Tabel Lampiran 7'!F25 -> 810000000 | I23: =+'Tabel Lampiran 7'!G25 -> 810000000 | J23: =+'Tabel Lampiran 7'!H25 -> 810000000 | K23: =+'Tabel Lampiran 7'!I25 -> 810000000 | L23: =+'Tabel Lampiran 7'!J25 -> 810000000
C24: c. | D24: Biaya Tetap | G24: 0 | H24: =+'Tabel Lampiran 7'!F26 -> 6400000 | I24: =+'Tabel Lampiran 7'!G26 -> 6400000 | J24: =+'Tabel Lampiran 7'!H26 -> 6400000 | K24: =+'Tabel Lampiran 7'!I26 -> 6400000 | L24: =+'Tabel Lampiran 7'!J26 -> 6400000
C25: d. | D25: Angsuran Pokok (Investasi + Modal Kerja) | G25: 0 | H25: =+'Tabel Lampiran 7'!F17 -> 41482000 | I25: =+'Tabel Lampiran 7'!G17 -> 41482000 | J25: =+'Tabel Lampiran 7'!H17 -> 41482000 | K25: =+'Tabel Lampiran 7'!I17 -> 41482000 | L25: =+'Tabel Lampiran 7'!J17 -> 41482000
C26: e. | D26: Bunga (Investasi + Modal Kerja) | G26: 0 | H26: =+'Tabel Lampiran 7'!F18 -> 20741000 | I26: =+'Tabel Lampiran 7'!G18 -> 16592800 | J26: =+'Tabel Lampiran 7'!H18 -> 12444600 | K26: =+'Tabel Lampiran 7'!I18 -> 8296400 | L26: =+'Tabel Lampiran 7'!J18 -> 4148200
C27: f. | D27: Promosi | G27: 0 | H27: 0 | I27: 0 | J27: 0 | K27: 0 | L27: 0
C28: g. | D28: Distribusi | G28: 0 | H28: 0 | I28: 0 | J28: 0 | K28: 0 | L28: 0
C29: Total Arus Keluar | G29: =SUM(G22:G28) -> 225500000 | H29: =SUM(H22:H28) -> 878623000 | I29: =SUM(I22:I28) -> 874474800 | J29: =SUM(J22:J28) -> 870326600 | K29: =SUM(K22:K28) -> 866178400 | L29: =SUM(L22:L28) -> 862030200
C30: Arus Keluar Untuk Menghitung IRR | G30: =+G29 -> 225500000 | H30: =+H23+H24 -> 816400000 | I30: =+I23+I24 -> 816400000 | J30: =+J23+J24 -> 816400000 | K30: =+K23+K24 -> 816400000 | L30: =+L23+L24 -> 816400000
C31: (Tidak termasuk Angsuran pokok dan bunga)
B32: 3. | C32: Cash Flow | G32: =+G19-G29 -> 24390000 | H32: =+H19-H29 -> 75377000 | I32: =+I19-I29 -> 79525200 | J32: =+J19-J29 -> 83673400 | K32: =+K19-K29 -> 87821600 | L32: =+L19-L29 -> 91969800
C33: Cash Flow untuk menghitung IRR | G33: =+G20-G30 -> -225500000 | H33: =+H20-H30 -> 137600000 | I33: =+I20-I30 -> 137600000 | J33: =+J20-J30 -> 137600000 | K33: =+K20-K30 -> 137600000 | L33: =+L20-L30 -> 137600000
C34: Discount Factor | G34: =1/(1+0.1)^0 -> 1 | H34: =1/(1+0.1)^1 -> 0.90909091 | I34: =1/(1+0.1)^2 -> 0.82644628 | J34: =1/(1+0.1)^3 -> 0.7513148 | K34: =1/(1+0.1)^4 -> 0.68301346 | L34: =1/(1+0.1)^5 -> 0.62092132
C35: Present Value | G35: =+G34*G33 -> -225500000 | H35: =+H34*H33 -> 1.2509091e+08 | I35: =+I34*I33 -> 1.1371901e+08 | J35: =+J34*J33 -> 1.0338092e+08 | K35: =+K34*K33 -> 93982651 | L35: =+L34*L33 -> 85438774
B36: 4. | C36: Cummulative | G36: =+G35 -> -225500000 | H36: =+G36+H35 -> -1.0040909e+08 | I36: =+H36+I35 -> 13309917 | J36: =+I36+J35 -> 1.1669083e+08 | K36: =+J36+K35 -> 2.1067349e+08 | L36: =+K36+L35 -> 2.9611226e+08
B37: KELAYAKAN USAHA
B38: a. | C38: Net Present Value (Rupiah) | G38: =+L36 -> 2.9611226e+08
B39: b. | C39: IRR | G39: =IRR(G33:L33,0.1) -> 0.5396779
B40: c. | C40: Net B/C | G40: =SUM(G19:L19)/SUM(G29:L29) -> 1.0967324
B41: d. | C41: Pay Back Period/PBP (Tahun) | G41: 4
